 Dungeon Crawl Stone Soup version 0.21.1-1-g345015f (webtiles) character file.

5308 empire the Carver (level 10, -7/78 HPs)
             Began as a Minotaur Fighter on June 2, 2018.
             Was an Elder of Cheibriados.
             Mangled by a death yak (20 damage)
             ... on level 8 of the Dungeon on June 3, 2018.
             The game lasted 00:21:58 (7554 turns).

empire the Carver (Minotaur Fighter)                Turns: 7554, Time: 00:21:59

Health: -7/78      AC: 15    Str: 32    XL:     10   Next: 37%
Magic:  16/16      EV: 11    Int: 15    God:    Cheibriados [****..]
Gold:   338        SH: 11    Dex: 19    Spells: 9/9 levels left

rFire    . . .     SeeInvis .   a - +0 long sword
rCold    . . .     Gourm    .   c - +0 shield
rNeg     . . .     Faith    .   C - +0 chain mail
rPois    .         Spirit   .   r - +1 hat
rElec    .         Reflect  .   l - +0 cloak
rCorr    .         Harm     .   k - +0 pair of gloves
MR       .....                  o - +0 pair of boots
Stlth    ..........             (no amulet)
HPRegen  0.23/turn              (no ring)
MPRegen  0.15/turn              (no ring)

@: about to teleport, very slow
A: retaliatory headbutt, horns 2
a: Bend Time, Temporal Distortion, Slouch, Renounce Religion


You were on level 8 of the Dungeon.
You worshipped Cheibriados.
Cheibriados was greatly pleased with you.
You were not hungry.

You visited 2 branches of the dungeon, and saw 9 of its levels.
You also visited: Sewer.

You collected 403 gold pieces.
You spent 65 gold pieces at shops.

Inventory:

Hand Weapons
 a - a +0 long sword (weapon)
 z - a +1 dagger of draining
 E - a +7 hand axe
 F - a +3 mace
 G - a +3 spear
 I - a cursed +4 battleaxe
Missiles
 u - 7 javelins (quivered)
Armour
 c - a +0 shield (worn)
 k - a +0 pair of gloves (worn)
 l - a +0 cloak (worn)
 o - a +0 pair of boots (worn)
 r - a +1 hat (worn)
 C - a +0 chain mail (worn)
 H - a +1 robe of cold resistance
 K - a +3 leather armour
Jewellery
 q - an uncursed ring of poison resistance {unknown}
Scrolls
 b - 4 scrolls of teleportation
 g - 4 scrolls of remove curse
 h - 4 scrolls of fog
 m - a scroll of blinking {unknown}
 p - a scroll of fear
 y - 2 scrolls of enchant weapon {unknown}
 A - a scroll of magic mapping {unknown}
 B - 2 scrolls of enchant armour {unknown}
 J - a scroll of identify
Potions
 e - 2 potions of degeneration
 i - a potion of mutation
 j - 11 potions of curing
 n - a potion of berserk rage
 s - 2 potions of agility
 t - a potion of cancellation
 v - a potion of flight {unknown}
 w - 3 potions of heal wounds
 x - a potion of brilliance {unknown}
Comestibles
 f - 8 rations
 D - 9 chunks of flesh


   Skills:
 - Level 4.0 Fighting
 - Level 10.9 Long Blades
 + Level 6.5 Armour
 + Level 6.2 Dodging
 - Level 4.0 Shields
 - Level 10.0 Invocations


You had 9 spell levels left.
You didn't know any spells.

Dungeon Overview and Level Annotations

Branches:
Dungeon (8/15)             Temple (1/1) D:4
   Lair: D:8-11

Altars:
Ashenzari
Cheibriados
Dithmenos
Elyvilon
Fedhas
Gozag
Hepliaklqana
Kikubaaqudgha
Makhleb
Nemelex Xobeh
Okawaru
Qazlal
Ru
Sif Muna
Trog
Uskayaw
Vehumet
Wu Jian
Xom
Yredelemnul
Zin
The Shining One

Shops:
D:6 *%?


Innate Abilities, Weirdness & Mutations

You reflexively headbutt those who attack you in melee.
You have a pair of horns on your head.


Message History

You slash the scorpion!
You kill the scorpion!
Cheibriados appreciates the change of pace.
The death yak barely misses you. You furiously retaliate!
You headbutt the death yak.
The death yak gores you but does no damage.
Saving game... please wait.
Welcome back, empire the Minotaur Fighter.
Cheibriados says: Take it easy.
Press ? for a list of commands and other information.
You feel much better. The death yak gores you!!
* * * LOW HITPOINT WARNING * * *
As you read the scroll of fear, it crumbles to dust.
You assume a fearsome visage.
The death yak resists with almost no effort.
The death yak looks frightened!
You block the death yak's attack.
Okay, then.
As you read the scroll of teleportation, it crumbles to dust.
You feel strangely unstable. The death yak gores you!!
You die...

#........########.#
#.#####..# #.#
#.#####..# #.#
#.##..Yr.# #.#
#.##.##.## #.##
#)##Y##Y# ...
#.)..r..# #.#
####Y#### #.# ##@#
..## ##.#.# ...#
##)###.# .#.# #.###
#.. .#.# #####...#
###
.#รท######.....#.#
##........###....#
..............(###
################


You could see 2 death yaks and a porcupine.

Vanquished Creatures
  A death yak (D:8)
  The ghost of Amon001 the Magician, a novice GnWr of Gozag (D:7)
  The ghost of diana the Bludgeoner, a novice MiBe of Trog (D:8)
  A hippogriff (D:8)
  3 orc warriors
  2 sky beasts (D:6)
  A necrophage (D:7)
  8 ogres
  3 centaurs
  2 big kobolds
  4 bullfrogs
  2 scorpions
  4 killer bees (D:4)
  4 wights (D:7)
  A howler monkey (D:2)
  A crimson imp (D:5)
  A centaur zombie (D:7)
  A jelly (D:6)
  4 hounds
  2 orc priests
  8 orc wizards
  A bullfrog skeleton (D:7)
  A centaur skeleton (D:5)
  2 iguanas
  5 worker ants
  2 hound zombies
  A worker ant zombie (D:8)
  6 gnolls (D:2)
  7 adders
  8 river rats (Sewer)
  2 shadow imps
  An ooze (D:4)
  2 adder zombies
  An adder skeleton (D:4)
  2 worms
  2 dart slugs
  5 leopard geckos
  23 orcs
  8 ball pythons
  5 giant cockroaches
  11 goblins
  5 hobgoblins
  5 jackals
  32 kobolds
  4 quokkas
  3 bats
  6 frilled lizards
  21 rats
226 creatures vanquished.

Notes
Turn   | Place    | Note
-------+----------+-------------------------------------------
     0 | D:1      | empire the Minotaur Fighter began the quest for the Orb.
     0 | D:1      | Reached XP level 1. HP: 19/19 MP: 0/0
   183 | D:1      | Reached XP level 2. HP: 27/27 MP: 1/1
   959 | D:2      | Reached skill level 1 in Dodging
   967 | D:2      | Reached XP level 3. HP: 14/33 MP: 2/2
  1177 | D:2      | Reached XP level 4. HP: 37/40 MP: 3/3
  1286 | D:2      | Reached XP level 5. HP: 20/46 MP: 4/4
  2299 | D:3      | Reached skill level 5 in Long Blades
  2321 | D:3      | Found a glowing drain.
  2334 | Sewer    | Entered a sewer
  2540 | Sewer    | Reached XP level 6. HP: 51/52 MP: 5/5
  3453 | D:3      | Found a white marble altar of Elyvilon.
  3769 | D:4      | Found a staircase to the Ecumenical Temple.
  3796 | D:4      | Reached XP level 7. HP: 28/59 MP: 6/6
  3845 | Temple   | Entered the Ecumenical Temple
  4142 | Temple   | Became a worshipper of Cheibriados the Contemplative
  4601 | D:4      | Reached * piety under Cheibriados
  4755 | D:5      | Entered Level 5 of the Dungeon
  5124 | D:5      | Reached XP level 8. HP: 62/66 MP: 7/7
  5194 | D:6      | Reached skill level 10 in Long Blades
  5573 | D:6      | Found Myory Bosie's General Store.
  5610 | D:6      | Bought a scroll of teleportation for 39 gold pieces
  5610 | D:6      | Bought a scroll of identify for 26 gold pieces
  5640 | D:6      | Found Raiqu's Food Emporium.
  5671 | D:6      | Reached ** piety under Cheibriados
  5707 | D:6      | Found Toruuv's Magic Scroll Emporium.
  5722 | D:6      | Reached skill level 5 in Invocations
  6228 | D:7      | Reached XP level 9. HP: 71/71 MP: 12/12
  6576 | D:7      | Reached *** piety under Cheibriados
  6956 | D:7      | Noticed Amon001's ghost (novice GnWr)
  7010 | D:7      | Killed Amon001's ghost
  7010 | D:7      | Reached skill level 10 in Invocations
  7459 | D:8      | Reached XP level 10. HP: 75/78 MP: 16/16
  7466 | D:8      | Noticed diana's ghost (novice MiBe)
  7476 | D:8      | Killed diana's ghost
  7476 | D:8      | Reached skill level 5 in Armour
  7476 | D:8      | Reached skill level 5 in Dodging
  7510 | D:8      | Noticed a death yak
  7511 | D:8      | Noticed a death yak
  7512 | D:8      | Noticed a death yak
  7525 | D:8      | Killed a death yak
  7525 | D:8      | Reached **** piety under Cheibriados
  7554 | D:8      | Mangled by a death yak

Skill      XL: |  1  2  3  4  5  6  7  8  9 10 |
---------------+-------------------------------+-----
Fighting       | 4 |  4.0
Dodging        | 1 2 3 4 6 |  6.2
Armour         | 4 6 |  6.5
Shields        | 4 |  4.0
Long Blades    | 3 4 5 7 9 10 | 10.9
Invocations    | 5 10 | 10.0

Action                   |  1- 3 |  4- 6 |  7- 9 | 10-12 || total
-------------------------+-------+-------+-------+-------++-------
Melee: Long sword        |    53 |   217 |   357 |    31 ||   658
       Headbutt          |     9 |    29 |   101 |    18 ||   157
  Use: Scroll            |       |     7 |     6 |     3 ||    16
       Potion            |       |       |     3 |     4 ||     7
  Eat: Chunk             |     1 |     8 |     8 |     1 ||    18
Armor: Scale mail        |    15 |   106 |       |       ||   121
       Chain mail        |       |    16 |   135 |     7 ||   158
Dodge: Dodged            |    20 |   118 |   108 |     9 ||   255
Block: Shield            |    34 |   159 |   155 |     8 ||   356
       Rpst.: Long sword |     4 |    35 |    30 |     1 ||    70
